Match 46973435
Unlisted

Match 46973435
End
Kradschützen Motorcycle Team
Panzergrenadier Squad
Panzergrenadier Squad
Panzergrenadier Squad
Selects Panzerjäger Kommand Battlegroup
Selects Mine Fields
Panzerpioneer Squad
Construct Light Support Kompanie
Fire Support Elements
*Mule
Barbarossa
0
0

Comments sign in to comment!

No comments posted yet!